 Dungeon Crawl Stone Soup version 0.22.0 (webtiles) character file.

22715 BigChef the Spear-Bearer (level 12, -17/95 HPs)
             Began as a Demonspawn Chaos Knight on Aug 29, 2018.
             Demolished by an azure jelly (36 damage)
             ... on level 4 of the Lair of Beasts.
             The game lasted 00:40:54 (13367 turns).

BigChef the Spear-Bearer (Demonspawn Chaos Knight) Turns: 13367, Time: 00:40:57

Health: -17/95     AC: 16    Str: 17    XL:     12   Next: 65%
Magic:  12/12      EV: 17    Int: 15    God:    Xom [*.....]
Gold:   900        SH:  0    Dex: 20    Spells: 11/11 levels left

rFire    + . .     SeeInvis .   b - +2 bardiche "Riagg" {flame, +Blink}
rCold    . . .     Gourm    +   (shield currently unavailable)
rNeg     . . .     Faith    .   k - +4 troll leather armour
rPois    +         Spirit   .   m - +0 helmet
rElec    .         Reflect  .   f - +0 cloak "Ragen" {Slay+2}
rCorr    .         Harm     .   (no gloves)
MR       .....                  p - +2 pair of boots
Stlth    +++++.....             v - amulet of the gourmand
HPRegen  1.45/turn              y - ring of poison resistance
MPRegen  0.13/turn              d - +4 ring of dexterity

@: no status effects
A: claws 2, talons 1, repulsion field 1, agile 1, clever 1, fire resistance 1,
mutation resistance 1, regeneration 2, shaggy fur 1, spiny 3, flame cloud
immunity
a: Renounce Religion, Evoke Blink


You were on level 4 of the Lair of Beasts.
You worshipped Xom.
You were a special plaything of Xom.
You were full.

You visited 2 branches of the dungeon, and saw 16 of its levels.

You collected 900 gold pieces.

Inventory:

Hand Weapons
 a - a +5 spear of chaos
 b - the +2 bardiche "Riagg" (weapon) {flame, +Blink}
   (You acquired it on level 3 of the Lair of Beasts)

   It has been specially enchanted to burn those struck by it, causing extra
   injury to most foes and up to half again as much damage against particularly
   susceptible opponents.
   Big, fiery blades are also staple armaments of hydra-hunters.
   It lets you blink.
 e - the cursed +0 whip "Douziezy" {slash, rElec Str+3 Int+4 Stlth+, unknown}
   (You found it on level 2 of the Lair of Beasts)

   It inflicts extra damage upon your enemies.
   It affects your strength (+3).
   It affects your intelligence (+4).
   It insulates you from electricity.
   It makes you more stealthy.
   It has a curse placed upon it.
 g - the +5 great sword "Ihacuw" {protect, rPois rC+, unknown}
   (You found it on level 2 of the Lair of Beasts)

   It protects the one who uses it against injury (+AC on strike).
   It protects you from cold.
   It protects you from poison.
 K - the +8 long sword of Reumaudu {protect, rC+}
   (You found it on level 1 of the Lair of Beasts)

   It protects the one who uses it against injury (+AC on strike).
   It protects you from cold.
Armour
 f - the +0 cloak "Ragen" (worn) {Slay+2}
   (You found it on level 10 of the Dungeon)

   It affects your accuracy and damage with ranged weapons and melee attacks
   (+2).
 k - a +4 troll leather armour (worn)
 l - a scarf of spirit shield
 m - a +0 helmet (worn)
 p - a +2 pair of boots (worn)
Jewellery
 d - a +4 ring of dexterity (right claw)
 h - a +1 ring of evasion {unknown}
 i - an uncursed ring of flight
 q - a +2 ring of strength
 v - an amulet of the gourmand (around neck)
 y - a ring of poison resistance (left claw)
 C - an uncursed ring of see invisible
Wands
 j - a wand of digging (14)
 r - a wand of random effects (18)
 t - a wand of scattershot (6)
 x - a wand of disintegration (13)
 G - a wand of iceblast (8)
Scrolls
 o - a scroll of remove curse
 s - a scroll of identify
 u - 2 scrolls of magic mapping
 z - a scroll of amnesia
 A - a scroll of brand weapon
 B - a scroll of torment {unknown}
 I - 2 scrolls of vulnerability
Potions
 w - 2 potions of cancellation
 E - 2 potions of mutation
 J - 2 potions of magic
Comestibles
 c - 26 rations


   Skills:
 + Level 9.2 Fighting
 + Level 12.5 Polearms
 + Level 7.7 Armour
 + Level 5.3 Dodging
 + Level 10.2 Stealth
 - Level 0.2 Evocations


You had 11 spell levels left.
You didn't know any spells.
Your spell library contained the following spells:

 Spells                   Type           Power        Failure   Level  Hunger
 Magic Dart               Conj           #...         30%         1    ##.....
 Confuse                  Hex            #.......     67%         3    ####...
 Iskenderun's Mystic Bla  Conj           #.......     97%         4    #####..
 Stone Arrow              Conj/Erth      #.....       67%         3    ####...
 Confusing Touch          Hex            #.....       30%         1    ##.....
 Passwall                 Tmut/Erth      #.......     43%         2    ###....
 Metabolic Englaciation   Hex/Ice        #.........   100%        5    ######.
 Lee's Rapid Deconstruct  Erth           #.........   100%        5    ######.
 Sandblast                Erth           #.....       30%         1    ##.....
 Petrify                  Tmut/Erth      #.......     97%         4    #####..
 Fulminant Prism          Conj/Hex       #.........   97%         4    #####..
 Dazzling Spray           Conj/Hex       #.....       67%         3    ####...
 Force Lance              Conj/Tloc      #.......     97%         4    #####..
 Searing Ray              Conj           #.....       43%         2    ###....
 Gell's Gravitas          Tloc           #.........   67%         3    ####...
 Yara's Violent Unravell  Hex/Tmut       #.........   100%        5    ######.


Dungeon Overview and Level Annotations

Branches:
Dungeon (12/15)            Temple (0/1) D:7            Lair (4/6) D:10
 Spider (0/4) Lair:3
  Swamp: Lair:2-4    Shoals: Lair:2-4       Orc: D:9-12

Altars:
Ashenzari
Cheibriados
Xom

Shops:
D:4 (   D:10 :

Annotations:
D:10 exclusion: oklob plant
Lair:2 exclusion: ice statue


Innate Abilities, Weirdness & Mutations

You have very sharp fingernails.
You are surrounded by a mild repulsion field. (EV +2)
Your flesh is heat resistant. (rF+)
You are completely covered in sharp spines.
You are immune to clouds of flame.
You have sharp toenails.
You are agile. (Dex +2)
Your mind is acute. (Int +2)
You are somewhat resistant to further mutation.
You heal very quickly.
You are covered in fur. (AC +1)


Message History

You feel better.
The azure jelly is struck by your spines.
The azure jelly barely misses you.
The azure jelly hits you but does no damage.
The azure jelly hits you. The azure jelly closely misses you.
The azure jelly is struck by your spines.
The azure jelly completely misses you. The azure jelly hits you.
The azure jelly freezes you!!
* * * LOW HITPOINT WARNING * * *
The azure jelly misses you.
The azure jelly hits you but does no damage.
You open the lid... ...and a larval batshock beast flies out!
The now-empty box falls apart.
The azure jelly is struck by your spines.
The azure jelly hits you.
* * * LOW HITPOINT WARNING * * *
The azure jelly freezes you!!!
You die...
Xom giggles madly!

#### ## ## ###..###.##P# ..#
##..#.....#.. ..# ########
##........... ..# #.##P..##
#....#.....## ..#
#.>.....###..##.......#
.#####.......#..H.##......##
.+..#..........♣@J.........#
.P.###......♣.♣♣♣...#.....##
..........♣♣..≈.≈≈.♣.......#
..##......≈.≈..≈≈.≈.♣..)..##
.#####.....≈.≈≈..≈.≈≈♣....#
..# ♣#♣≈..≈≈≈.≈...≈≈/♣♣.#.#
### ♣♣.≈≈≈..≈.≈≈...≈♣ .### #
###♣♣.≈.≈.≈..≈≈.≈.≈.≈ ..
###P#....≈≈....≈≈≈≈..


You could see an azure jelly and a friendly larval batshock beast.

Vanquished Creatures
  Josephine (D:11)
  An orb spider (Lair:3)
  A manticore (D:11)
  An ugly thing (D:11)
  A cyclops (D:8)
  An elephant (D:10)
  A guardian serpent (shapeshifter) (Lair:3)
  Joseph (Lair:1)
  A black mamba (Lair:4)
  A guardian serpent (Lair:4)
  3 spiny frogs
  3 komodo dragons
  A freezing wraith (Lair:2)
  A troll (shapeshifter) (Lair:1)
  A troll (D:8)
  A polar bear (shapeshifter) (D:9)
  8 blink frogs
  Grinder (D:5)
  A hornet (D:10)
  8 hippogriffs
  Prince Ribbit (D:5)
  4 wraiths
  24 yaks
  A human (Lair:1)
  A vampire (D:9)
  3 basilisks
  Grum (D:8)
  A steam dragon (D:10)
  Menkaure (D:4)
  3 water moccasins
  2 slaves (D:9)
  3 porcupines
  12 ice beasts
  A sky beast (D:7)
  2 black bears (D:11)
  6 ogres
  9 wolves
  2 centaurs
  5 crocodiles
  17 bullfrogs
  2 big kobolds
  2 water moccasin zombies
  2 scorpions
  A water moccasin skeleton (D:7)
  9 killer bees (D:11)
  4 howler monkeys
  11 wights
  2 crimson imps
  A bullfrog zombie (D:8)
  A centaur zombie (D:8)
  3 orc priests (D:10)
  5 hounds
  7 jellies
  A bullfrog skeleton (D:5)
  Jessica (D:2)
  2 iguanas
  2 orc wizards (D:10)
  4 hell rats (Lair:3)
  6 worker ants
  A hound zombie (D:10)
  A worker ant zombie (D:10)
  9 adders
  3 gnolls (D:7)
  3 shadow imps
  3 white imps (Lair:2)
  15 oozes
  2 dart slugs
  2 worms
  5 leopard geckos
  34 orcs
  7 giant cockroaches
  7 goblins
  A hobgoblin (shapeshifter) (D:6)
  A hobgoblin (D:1)
  7 jackals
  2 quokkas
  A ball python (D:2)
  3 bats
  4 frilled lizards
  10 kobolds
  2 leopard gecko skeletons
  5 rats
331 creatures vanquished.

Vanquished Creatures (collateral kills)
  A gargoyle (D:11)
  2 slaves (D:9)
  A centaur skeleton (D:9)
4 creatures vanquished.

Vanquished Creatures (others)
  6 yaks
  11 fungi
  A plant (Lair:3)
18 creatures vanquished.

Grand Total: 353 creatures vanquished

Notes
Turn   | Place    | Note
-------+----------+-------------------------------------------
     0 | D:1      | BigChef the Demonspawn Chaos Knight began the quest for the Orb.
     0 | D:1      | Reached XP level 1. HP: 18/18 MP: 1/1
   203 | D:1      | Gained mutation: You are partially covered in sharp spines. [demonic ancestry]
   203 | D:1      | Reached XP level 2. HP: 24/24 MP: 2/2
   239 | D:1      | Reached skill level 1 in Dodging
   414 | D:1      | Reached skill level 3 in Polearms
   524 | D:1      | XOM: harmless Air miscast
   757 | D:2      | Gained mutation: You have sharp fingernails. [demonic ancestry]
   757 | D:2      | Reached XP level 3. HP: 26/29 MP: 3/3
   819 | D:2      | XOM: scenery: create altars
   934 | D:2      | Noticed Jessica
   937 | D:2      | Killed Jessica
   939 | D:2      | XOM: 1-stop teleportation journey
   950 | D:2      | Gained mutation: Your flesh is heat resistant. (rF+) [demonic ancestry]
   950 | D:2      | Reached XP level 4. HP: 31/37 MP: 4/4
   950 | D:2      | XOM: 1-stop teleportation journey
  1002 | D:2      | XOM: give mutations
  1002 | D:2      | Gained mutation: You are agile. (Dex +2) [Xom's grace]
  1002 | D:2      | Gained mutation: Your spells are a little harder to cast, but a little more powerful. [Xom's grace]
  1002 | D:2      | Gained mutation: You have supernaturally acute eyesight. (SInv) [Xom's grace]
  1002 | D:2      | Gained mutation: Your mind is acute. (Int +2) [Xom's grace]
  1016 | D:2      | XOM: scenery: create altars
  1489 | D:3      | XOM: scenery: create altars
  1656 | D:3      | XOM: scenery: create altars
  1725 | D:3      | XOM: silly message
  1964 | D:4      | Reached skill level 1 in Stealth
  2092 | D:4      | XOM: harmless Summ miscast
  2098 | D:4      | Reached XP level 5. HP: 29/42 MP: 5/5
  2219 | D:4      | Reached skill level 4 in Polearms
  2232 | D:4      | XOM: mild Hex miscast
  2268 | D:4      | Noticed an ogre
  2271 | D:4      | an ogre changed into a big kobold
  2271 | D:4      | XOM: summons friendly ufetubus
  2292 | D:4      | Found Jynafuig's Weapon Boutique.
  2358 | D:4      | XOM: mild Pois miscast
  2456 | D:4      | Noticed Menkaure
  2457 | D:4      | XOM: confusion (+ monsters)
  2478 | D:4      | Killed Menkaure
  2478 | D:4      | Gained mutation: You are mostly covered in sharp spines. [demonic ancestry]
  2478 | D:4      | Reached XP level 6. HP: 13/48 MP: 0/6
  2796 | D:4      | XOM: 9-stop teleportation journey
  2999 | D:5      | Entered Level 5 of the Dungeon
  3068 | D:5      | Noticed Prince Ribbit
  3074 | D:5      | Killed Prince Ribbit
  3074 | D:5      | Reached skill level 5 in Polearms
  3074 | D:5      | Gained mutation: You are completely covered in sharp spines. [demonic ancestry]
  3074 | D:5      | Reached XP level 7. HP: 44/55 MP: 4/7
  3279 | D:5      | Found a snail-covered altar of Cheibriados.
  3383 | D:5      | XOM: 2-stop teleportation journey
  3391 | D:5      | XOM: god gift: 20 stones
  3501 | D:5      | Noticed Grinder
  3501 | D:5      | Paralysed by Grinder for 2 turns
  3509 | D:5      | XOM: enchant monster (bad)
  3511 | D:5      | Killed Grinder
  3586 | D:5      | Reached skill level 6 in Polearms
  3659 | D:5      | XOM: god gift: ration
  3684 | D:5      | Gained mutation: You are immune to clouds of flame. [demonic ancestry]
  3684 | D:5      | Reached XP level 8. HP: 26/61 MP: 3/8
  3942 | D:5      | XOM: cloud trail
  4094 | D:5      | XOM: mild Chrm miscast
  4324 | D:6      | Found a shattered altar of Ashenzari.
  4459 | D:6      | XOM: divination: detect creatures
  4460 | D:6      | XOM: noise
  4495 | D:6      | XOM: harmless Conj miscast
  4587 | D:7      | XOM: stealth player
  4722 | D:7      | Reached skill level 5 in Fighting
  4939 | D:7      | Reached skill level 5 in Armour
  4943 | D:7      | Reached skill level 7 in Polearms
  4964 | D:7      | XOM: noise
  5008 | D:7      | XOM: confuse monster(s)
  5064 | D:7      | XOM: harmless Air miscast
  5071 | D:7      | XOM: silly message
  5075 | D:7      | XOM: cloud trail
  5135 | D:7      | XOM: mild Erth miscast
  5241 | D:7      | Found a staircase to the Ecumenical Temple.
  5244 | D:7      | XOM: cleaving
  5368 | D:7      | XOM: destruction
  5373 | D:7      | XOM: divination: magic mapping
  5380 | D:7      | Reached XP level 9. HP: 68/68 MP: 9/9
  5738 | D:7      | XOM: mild Summ miscast
  5849 | D:8      | Reached skill level 5 in Stealth
  6008 | D:8      | XOM: blink monster(s)
  6011 | D:8      | XOM: fog
  6135 | D:8      | XOM: cast spell 'Metabolic Englaciation'
  6150 | D:8      | Reached skill level 8 in Polearms
  6259 | D:8      | Noticed a cyclops
  6259 | D:8      | XOM: cast spell 'Death Channel'
  6268 | D:8      | Killed a cyclops
  6896 | D:10     | Entered Level 10 of the Dungeon
  6896 | D:10     | Found Moiziplu's Book Shop.
  6973 | D:10     | XOM: mild Conj miscast
  7011 | D:9      | Reached XP level 10. HP: 51/76 MP: 6/10
  7156 | D:9      | Noticed Grum
  7172 | D:9      | XOM: enchant monster (good)
  7310 | D:8      | Killed Grum
  7387 | D:8      | Reached skill level 9 in Polearms
  7393 | D:8      | XOM: cast spell 'Ring of Flames'
  7587 | D:8      | XOM: divine lightning
  7789 | D:9      | Noticed Pikel
  7808 | D:9      | XOM: summons 10 friendly demons
  7814 | D:9      | XOM: god gift: 42 gold pieces
  7820 | D:9      | Pikel changed into Pikel the polar bear
  7843 | D:9      | XOM: 1-stop teleportation journey
  7882 | D:9      | XOM: give mutations
  7882 | D:9      | Gained mutation: You expend magic power (3 MP) to strengthen your wands. [Xom's grace]
  7882 | D:9      | Gained mutation: Your natural rate of healing is unusually fast. [Xom's grace]
  7882 | D:9      | Gained mutation: You heal very quickly. [Xom's grace]
  7882 | D:9      | Gained mutation: Your flesh is very heat resistant. (rF++) [Xom's grace]
  7907 | D:9      | XOM: scenery: create altars
  7945 | D:9      | XOM: god gift: scroll of enchant weapon
  8249 | D:10     | Noticed a gargoyle
  8266 | D:10     | XOM: confuse monster(s)
  8282 | D:11     | XOM: summons 5 friendly demons
  8295 | D:11     | Killed a gargoyle
  8342 | D:10     | Noticed an elephant
  8343 | D:10     | Found a staircase to the Lair.
  8344 | D:10     | XOM: potion effect (berserk rage)
  8348 | D:10     | Noticed a death yak
  8358 | D:10     | XOM: enchant monster (bad)
  8360 | D:10     | Killed an elephant
  8392 | D:11     | Lost mutation: Your spells are a little harder to cast, but a little more powerful. [potion of mutation]
  8392 | D:11     | Lost mutation: Your flesh is very heat resistant. (rF++) [potion of mutation]
  8392 | D:11     | Lost mutation: You are agile. (Dex +2) [potion of mutation]
  8392 | D:11     | Gained mutation: You are agile. (Dex +2) [potion of mutation]
  8392 | D:11     | Lost mutation: You have supernaturally acute eyesight. (SInv) [potion of mutation]
  8392 | D:11     | Gained mutation: You are somewhat resistant to further mutation. [potion of mutation]
  8462 | D:10     | XOM: confuse monster(s)
  8528 | D:10     | XOM: enchant monster (good)
  8545 | D:10     | Noticed an oklob plant
  8591 | D:10     | XOM: confusion (+ monsters)
  8821 | D:10     | Got an ancient cloak
  8832 | D:10     | Identified the +0 cloak "Ragen" {Slay+2} (You found it on level 10 of the Dungeon)
  8982 | D:10     | XOM: give mutation
  8982 | D:10     | Lost mutation: You expend magic power (3 MP) to strengthen your wands. [Xom's mischief]
  8992 | D:10     | Gained mutation: You are surrounded by a mild repulsion field. (EV +2) [demonic ancestry]
  8992 | D:10     | Reached XP level 11. HP: 84/84 MP: 11/11
  9155 | D:10     | XOM: give mutations
  9155 | D:10     | Gained mutation: You have sharp toenails. [Xom's grace]
  9155 | D:10     | Gained mutation: You have very sharp fingernails. [Xom's grace]
  9155 | D:10     | Gained mutation: You are covered in fur. (AC +1) [Xom's grace]
  9343 | D:11     | XOM: summons 4 friendly demons
  9352 | D:11     | Found a shattered altar of Ashenzari.
  9355 | D:11     | Noticed a red ugly thing
  9388 | D:11     | Killed a brown ugly thing
  9457 | D:11     | Noticed Josephine
  9468 | D:11     | XOM: noise
  9473 | D:11     | XOM: blink monster(s)
  9501 | D:11     | XOM: enchant monster (good)
  9512 | D:11     | XOM: noise
  9519 | D:11     | XOM: cast spell 'Summon Ice Beast'
  9534 | D:11     | Reached skill level 10 in Polearms
  9720 | D:11     | XOM: medium Chrm miscast
  9723 | D:11     | XOM: cleaving
  9745 | D:11     | XOM: summons friendly shadow imp
  9752 | D:11     | Killed Josephine
  9906 | D:11     | XOM: summons 3 hostile demons
 10417 | Lair:1   | Entered Level 1 of the Lair of Beasts
 10432 | Lair:1   | Noticed Joseph
 10448 | Lair:1   | Killed Joseph
 10488 | Lair:1   | XOM: potion effect (haste)
 10494 | Lair:1   | XOM: enchant monster (good)
 10669 | Lair:1   | Found a labyrinth entrance.
 11219 | Lair:1   | Reached skill level 11 in Polearms
 11231 | Lair:1   | Got a bone long sword
 11232 | Lair:1   | Identified the +8 long sword of Reumaudu {protect, rC+} (You found it on level 1 of the Lair of Beasts)
 11357 | Lair:2   | XOM: cleaving
 11424 | Lair:2   | XOM: summons friendly iron imp
 11481 | Lair:2   | XOM: polymorph polar bear -> troll
 11570 | Lair:2   | Mutation became permanent: You have sharp fingernails. [demonic ancestry]
 11570 | Lair:2   | Gained mutation: You have very sharp fingernails. [demonic ancestry]
 11570 | Lair:2   | Reached XP level 12. HP: 94/94 MP: 12/12
 11641 | Lair:2   | XOM: summons 6 hostile demons
 11644 | Lair:2   | XOM: 1-stop teleportation journey
 11751 | Lair:2   | XOM: summons 2 hostile shadow creatures
 11773 | Lair:3   | Identified a scroll of acquirement
 11774 | Lair:3   | Got a fine bardiche
 11775 | Lair:3   | Identified the +2 bardiche "Riagg" {flame, +Blink} (You acquired it on level 3 of the Lair of Beasts)
 11784 | Lair:3   | XOM: confusion (+ monsters)
 11819 | Lair:3   | XOM: divine lightning
 11849 | Lair:2   | Got a warped whip
 11863 | Lair:2   | Got a brightly glowing great sword
 11908 | Lair:2   | XOM: confusion (+ monsters)
 11995 | Lair:2   | XOM: polymorph ice beast -> human
 12004 | Lair:2   | XOM: noise
 12005 | Lair:2   | XOM: harmless Summ miscast
 12010 | Lair:2   | XOM: blink monster(s)
 12017 | Lair:1   | Reached skill level 10 in Stealth
 12022 | Lair:1   | XOM: harmless Conj miscast
 12121 | Lair:2   | Reached skill level 5 in Dodging
 12190 | Lair:2   | XOM: summons 3 hostile demons
 12388 | Lair:2   | XOM: severe Hex miscast
 12820 | Lair:2   | Reached skill level 12 in Polearms
 13012 | Lair:3   | Found a hole to the Spider Nest.
 13020 | Lair:3   | XOM: harmless Pois miscast
 13205 | Lair:3   | XOM: mild Necr miscast
 13242 | Lair:4   | XOM: 1-stop teleportation journey
 13243 | Lair:4   | XOM: enchant monster (bad)
 13247 | Lair:4   | XOM: 1-stop teleportation journey
 13250 | Lair:4   | XOM: 1-stop teleportation journey
 13265 | Lair:4   | XOM: polymorph yak -> guardian serpent
 13269 | Lair:4   | XOM: swap monsters
 13351 | Lair:4   | Noticed a four-headed hydra
 13356 | Lair:4   | Noticed an azure jelly
 13356 | Lair:4   | a four-headed hydra changed into an azure jelly
 13356 | Lair:4   | XOM: polymorph four-headed hydra -> azure jelly
 13367 | Lair:4   | Demolished by an azure jelly

Skill      XL: |  1  2  3  4  5  6  7  8  9 10 11 12 |
---------------+-------------------------------------+-----
Dodging        | 1 2 3 4 5 |  5.3
Polearms       | 3 4 5 6 7 8 9 11 12 | 12.5
Armour         | 2 3 4 5 6 7 |  7.7
Fighting       | 4 5 6 7 8 9 |  9.2
Stealth        | 1 2 3 4 6 8 9 10 | 10.2
Evocations     | |  0.2

Action                   |  1- 3 |  4- 6 |  7- 9 | 10-12 || total
-------------------------+-------+-------+-------+-------++-------
Melee: Spear             |    74 |   137 |   334 |   589 ||  1134
       Bardiche          |       |       |       |   104 ||   104
Evoke: Wand              |       |       |       |     6 ||     6
       Box of beasts     |       |       |       |     1 ||     1
  Use: Scroll            |       |     3 |    11 |    21 ||    35
       Potion            |       |     8 |     2 |    13 ||    23
 Stab: Sleeping          |     1 |     5 |       |    13 ||    19
       Paralysed         |       |     2 |    15 |    12 ||    29
       Confused          |       |       |     5 |     6 ||    11
       Petrified         |       |       |     7 |       ||     7
       Petrifying        |       |       |     1 |     3 ||     4
       Distracted        |       |       |       |     7 ||     7
       Fleeing           |       |       |       |     1 ||     1
       Invisible         |       |       |       |     1 ||     1
  Eat: Chunk             |       |     6 |     9 |    23 ||    38
       Ration            |       |       |     2 |       ||     2
Armor: Leather armour    |    22 |    21 |       |       ||    43
       Chain mail        |       |    24 |   129 |    34 ||   187
       Troll leather arm |       |       |       |   162 ||   162
Dodge: Dodged            |    25 |    46 |    71 |   318 ||   460
